 Dungeon Crawl Stone Soup version 0.21.1-1-g345015fe64 (webtiles) character file.

2027 frocskos the Cleaver (level 9, -8/70 HPs)
             Began as a Minotaur Fighter on May 7, 2018.
             Was an Initiate of Makhleb.
             Mangled by DarkMoon's ghost (19 damage)
             ... on level 8 of the Dungeon.
             The game lasted 00:23:32 (6852 turns).

frocskos the Cleaver (Minotaur Fighter)             Turns: 6852, Time: 00:23:33

Health: -8/70      AC: 15    Str: 29    XL:     9   Next: 3%
Magic:  8/8        EV:  5    Int:  5    God:    Makhleb [......]
Gold:   386        SH: 10    Dex: 10    Spells: 8/8 levels left

rFire    + . .     SeeInvis .   a - +0 war axe
rCold    . . .     Gourm    .   c - +0 shield
rNeg     . . .     Faith    .   C - +0 plate armour
rPois    .         Spirit   .   (helmet restricted)
rElec    .         Reflect  .   m - +2 cloak
rCorr    .         Harm     .   (no gloves)
MR       .....                  g - +0 pair of boots (curse)
Stlth    ..........             (no amulet)
HPRegen  0.21/turn              b - ring of protection from fire
MPRegen  0.11/turn              (no ring)

@: mighty
A: retaliatory headbutt, horns 2
a: Renounce Religion


You were on level 8 of the Dungeon.
You worshipped Makhleb.
Makhleb was noncommittal.
You were not hungry.

You visited 2 branches of the dungeon, and saw 10 of its levels.

You collected 386 gold pieces.

Inventory:

Hand Weapons
 a - a +0 war axe (weapon)
Armour
 c - a +0 shield (worn)
 g - a cursed +0 pair of boots (worn)
 m - a +2 cloak (worn)
 C - a +0 plate armour (worn)
Jewellery
 b - a ring of protection from fire (left hand)
Scrolls
 h - 4 scrolls of magic mapping
 i - 5 scrolls of amnesia
 j - a scroll of noise {unknown}
 k - a scroll of fear
 l - 2 scrolls of random uselessness {unknown}
 n - 2 scrolls of enchant weapon {unknown}
 o - 3 scrolls of remove curse {unknown}
 q - 5 scrolls of identify
 r - 2 scrolls of immolation {unknown}
 t - 2 scrolls of enchant armour {unknown}
 u - 3 scrolls of teleportation {unknown}
Potions
 d - a potion of might
 e - 2 potions of flight {unknown}
 p - a potion of invisibility {unknown}
 s - 3 potions of curing
 v - a potion of haste
 w - a potion of heal wounds {unknown}
 x - a potion of cancellation {unknown}
 z - a potion of resistance {unknown}
 A - a potion of lignification {unknown}
 B - a potion of agility {unknown}
Comestibles
 f - 8 rations


   Skills:
 - Level 3.6 Fighting
 * Level 13.7 Axes
 - Level 3.6 Armour
 - Level 3.6 Shields


You had 8 spell levels left.
You didn't know any spells.

Dungeon Overview and Level Annotations

Branches:
Dungeon (9/15)             Temple (1/1) D:6
   Lair: D:8-11         Orc: D:9-12

Altars:
Ashenzari
Fedhas
Gozag
Hepliaklqana
Makhleb
Nemelex Xobeh
Okawaru
Qazlal
Ru
Sif Muna
Trog
Uskayaw
Vehumet
Xom
Zin

Annotations:
D:8 DarkMoon's ghost, novice TrEE


Innate Abilities, Weirdness & Mutations

You reflexively headbutt those who attack you in melee.
You have a pair of horns on your head.


Message History

DarkMoon's ghost is moderately damaged.
You block DarkMoon's ghost's attack.
Your plate armour prevents you from hitting DarkMoon's ghost.
DarkMoon's ghost is moderately damaged.
DarkMoon's ghost casts a spell at you. The blast of sand hits you!
* * * LOW HITPOINT WARNING * * *
You hit DarkMoon's ghost. Your headbutt misses DarkMoon's ghost.
DarkMoon's ghost is moderately damaged.
DarkMoon's ghost hits you.
* * * LOW HITPOINT WARNING * * *
You hit DarkMoon's ghost. You headbutt DarkMoon's ghost.
DarkMoon's ghost is moderately damaged.
DarkMoon's ghost gestures at you while chanting.
The blast of sand hits you!
* * * LOW HITPOINT WARNING * * *
Okay, then.
You feel very mighty all of a sudden. DarkMoon's ghost hits you!!
You die...

........# . #.......# ..##
......... !..####........
...#......... ############
#.#......... #.........[#
#....<.%...# #........).#
#..#.......#
#.........@####.###W.S..##
#..........WS†..# #...##
#..........###### .###
#..........### $#
#.......)....# .
#..........#.. .
#......>)..##.
#..........# ############


You could see DarkMoon's ghost and an adder.

Vanquished Creatures
  A hungry ghost (D:8)
  An orc warrior (D:5)
  2 sky beasts
  3 ogres
  A phantom (D:5)
  2 centaurs (D:5)
  A bullfrog (D:6)
  2 scorpions
  3 howler monkeys
  2 bullfrog zombies
  A quasit (D:7)
  A centaur zombie (D:5)
  2 orc wizards
  5 hounds
  A bullfrog skeleton (D:4)
  A centaur skeleton (D:5)
  2 iguanas
  5 worker ants
  A hound zombie (D:6)
  Robin (D:3)
  A worker ant zombie (D:8)
  A howler monkey skeleton (D:6)
  9 adders
  3 gnolls
  An ooze (D:3)
  2 worms (D:4)
  5 dart slugs
  4 leopard geckos
  4 orcs
  2 ball pythons (D:3)
  7 giant cockroaches
  19 goblins
  16 hobgoblins
  4 jackals
  3 kobolds
  3 quokkas
  3 bats
  10 frilled lizards
  8 rats
143 creatures vanquished.

Notes
Turn   | Place    | Note
-------+----------+-------------------------------------------
     0 | D:1      | frocskos the Minotaur Fighter began the quest for the Orb.
     0 | D:1      | Reached XP level 1. HP: 19/19 MP: 0/0
    24 | D:1      | Reached skill level 3 in Axes
    29 | D:1      | Reached XP level 2. HP: 26/26 MP: 1/1
   200 | D:1      | Reached skill level 4 in Axes
   269 | D:1      | Reached XP level 3. HP: 31/31 MP: 2/2
   572 | D:1      | Reached skill level 5 in Axes
   750 | D:2      | Reached XP level 4. HP: 36/39 MP: 3/3
  1329 | D:3      | Reached skill level 6 in Axes
  1454 | D:3      | Noticed Robin
  1465 | D:3      | Killed Robin
  1477 | D:3      | Reached XP level 5. HP: 30/45 MP: 4/4
  1662 | D:3      | Found a hazy altar of Hepliaklqana.
  2563 | D:4      | Reached skill level 7 in Axes
  2615 | D:4      | Found a shattered altar of Ashenzari.
  2624 | D:4      | Found a glowing silver altar of Zin.
  2667 | D:4      | Reached XP level 6. HP: 51/51 MP: 5/5
  2730 | D:4      | Reached skill level 8 in Axes
  3223 | D:5      | Entered Level 5 of the Dungeon
  3256 | D:5      | Reached skill level 9 in Axes
  3304 | D:5      | Reached XP level 7. HP: 33/57 MP: 6/6
  3491 | D:5      | Reached skill level 10 in Axes
  4077 | D:5      | Reached skill level 11 in Axes
  4227 | D:5      | Reached XP level 8. HP: 56/64 MP: 7/7
  5035 | D:6      | Reached skill level 12 in Axes
  5053 | D:6      | Found a deep blue altar of Sif Muna.
  5102 | D:6      | Noticed a hand axe
  5103 | D:6      | Noticed a dagger
  5131 | D:6      | Found a hide-covered altar of Uskayaw.
  5554 | D:6      | Found a staircase to the Ecumenical Temple.
  5564 | Temple   | Entered the Ecumenical Temple
  5605 | Temple   | Became a worshipper of Makhleb the Destroyer
  6593 | D:7      | You fall through a shaft for 2 floors!
  6632 | D:8      | Reached skill level 13 in Axes
  6798 | D:8      | Reached XP level 9. HP: 64/70 MP: 8/8
  6820 | D:8      | Noticed DarkMoon's ghost (novice TrEE)
  6852 | D:8      | Mangled by DarkMoon's ghost

Skill      XL: |  1  2  3  4  5  6  7  8 |
---------------+-------------------------+-----
Axes           | 3 4 5 6 7 9 11 13 | 13.7
Fighting       | |  3.6
Armour         | |  3.6
Shields        | |  3.6

Action                   |  1- 3 |  4- 6 |  7- 9 || total
-------------------------+-------+-------+-------++-------
Melee: War axe           |    62 |   159 |   219 ||   440
       Headbutt          |    11 |    24 |    45 ||    80
  Use: Scroll            |       |     5 |     1 ||     6
       Potion            |       |       |     1 ||     1
  Eat: Chunk             |       |     8 |    14 ||    22
       Ration            |       |       |     3 ||     3
Armor: Scale mail        |    17 |    45 |    41 ||   103
       Plate armour      |       |       |    38 ||    38
Dodge: Dodged            |    11 |    30 |    45 ||    86
Block: Shield            |    28 |    55 |    81 ||   164
